 Dungeon Crawl Stone Soup version 0.26-a0-540-g8a0c9464d7 (webtiles) character file.

Game seed: 5183927827408542118

4 kobby the Shooter (level 1, -2/16 HPs)
             Began as a Hill Orc Wanderer on Aug 24, 2020.
             Slain by a leopard gecko (4 damage)
             ... on level 1 of the Dungeon.
             The game lasted 00:00:55 (289 turns).

kobby the Shooter (Hill Orc Wanderer)                Turns: 289, Time: 00:00:55

Health: -2/16      AC:  5    Str: 12    XL:     1   Next: 70%
Magic:  1/1        EV: 10    Int: 14    God:
Gold:   0          SH:  0    Dex: 10    Spells: 0/0 levels left

rFire    . . .     SeeInvis .   c - +0 short sword
rCold    . . .     Faith    .   (no shield)
rNeg     . . .     Spirit   .   b - +0 ring mail
rPois    .         Reflect  .   (no helmet)
rElec    .         Harm     .   (no cloak)
rCorr    .                      (no gloves)
MR       .....                  (no boots)
Stlth    +.........             (no amulet)
HPRegen  0.05/turn              (no ring)
MPRegen  0.07/turn              (no ring)

@: no status effects
A: no striking features
a: no special abilities


You were on level 1 of the Dungeon.
You visited 1 branch of the dungeon, and saw 1 of its levels.

Inventory:

Hand Weapons
 a - a +0 shortbow
 c - a +0 short sword (weapon)
Missiles
 d - 26 arrows
Armour
 b - a +0 ring mail (worn)


   Skills:
 + Level 1.2 Fighting
 + Level 2.9 Bows
 + Level 1.0 Throwing
 + Level 1.1 Armour
 + Level 1.0 Stealth
 + Level 2.2 Conjurations
   Level 1.0 Earth Magic


You couldn't memorise any spells.
You knew the following spells:

 Your Spells              Type           Power        Failure   Level
a - Magic Dart            Conj           #...         26%         1

Your spell library contained the following spells:

 Spells                   Type           Power        Failure   Level
 Searing Ray              Conj           #.....       38%         2
 Dazzling Flash           Conj/Hex       #.....       77%         3
 Fulminant Prism          Conj/Hex       #.........   99%         4
 Iskenderun's Mystic Bla  Conj/Tloc      #.......     99%         4


Dungeon Overview and Level Annotations

Branches:
Dungeon (1/15)

Altars:


Message History

You hit the leopard gecko but do no damage.
The leopard gecko is lightly wounded.
The leopard gecko bites you.
* * * LOW HITPOINT WARNING * * *
The rat twitches its whiskers.
You hit the leopard gecko but do no damage.
The leopard gecko is lightly wounded.
The leopard gecko bites you.
* * * LOW HITPOINT WARNING * * *
The leopard gecko closely misses you.
You barely miss the leopard gecko.
The leopard gecko is lightly wounded.
The leopard gecko bites you.
* * * LOW HITPOINT WARNING * * *
You aren't carrying any potions.
As you read the scroll labeled JIKKEG SIUX, it crumbles to dust.
It is a scroll of identify.
You don't have any unidentified items.
The leopard gecko bites you.
You die...

#
#>...........
#
#...........
#
#...........
#
#...........
#
#hhr....r...
#
##h##.......
# #h# ....#..
# #l# ...h# #
#@# h.....
######### #.#
h......
........# #.#
..h....
#######.# #†#
....... #
#.########.#
#
#..........#
#
############


You could see a leopard gecko, 4 jackals and a rat.

Vanquished Creatures
  A goblin (D:1)
  2 bats (D:1)
  2 kobolds (D:1)
5 creatures vanquished.

Notes
Turn   | Place    | Note
-------+----------+-------------------------------------------
     0 | D:1      | kobby the Hill Orc Wanderer began the quest for the Orb.
     0 | D:1      | kobby set off with the following items: a +0 shortbow, a +0
                  | ring mail, 26 arrows; and the following spell memorised:
                  | Magic Dart; and the following spells available to memorise:
                  | Searing Ray, Dazzling Flash, Fulminant Prism, Iskenderun's
                  | Mystic Blast
     0 | D:1      | Reached XP level 1. HP: 16/16 MP: 1/1
   289 | D:1      | Slain by a leopard gecko

Illustrated notes

Levels and vault maps discovered:
D:1:      wander_arrival_peaceful_grave, layout_basic

Action                   || total
-------------------------++-------
Melee: Short sword       ||    29
 Fire: Shortbow          ||     6
  Use: Scroll            ||     1
Armor: Ring mail         ||    19
Dodge: Dodged            ||    25

Table legend: (Time is in decaauts)
 A = Elapsed time spent in this place.
 B = Non-inter-level travel time spent in this place.
 C = Inter-level travel time spent in this place.
 D = Time resting spent in this place.
 E = Time spent auto-exploring this place.
 F = Levels seen in this place.
 G = Mean time per level.
                   A        B        C        D        E       F      G
               +--------+--------+--------+--------+--------+-----+--------+
         Total |    292 |    292 |      0 |      0 |    223 |   1 |  292.0 |
       Dungeon |    292 |    292 |      0 |      0 |    223 |   1 |  292.0 |
               +--------+--------+--------+--------+--------+-----+--------+

Top non-repeatable levels by time:
     D:1: 292 daAuts
